 Dungeon Crawl Stone Soup version 0.28-a0-317-g21599a725c (webtiles) character file.

Game seed: 16175134421758615582

52 AarnesTheHuman the Chiller (level 3, -15/27 HPs)
             Began as a Barachi Ice Elementalist on Sept 1, 2021.
             Blown up by Ijyb (26 damage)
             ... with a mindburst bolt
             ... on level 3 of the Dungeon.
             The game lasted 00:04:35 (2477 turns).

AarnesTheHuman the Chiller (BaIE)                   Turns: 2477, Time: 00:04:35

Health: -15/27     AC:  3    Str:  9    XL:     3   Next: 85%
Magic:  4/7        EV: 11    Int: 16    God:
Gold:   118        SH:  0    Dex: 12    Spells: 6/7 levels left

rFire   . . .      SeeInvis .   h - +2 hand axe (pain)
rCold   . . .      Faith    .   (no shield)
rNeg    . . .      Spirit   .   d - +0 leather armour
rPois   .          Reflect  .   (no helmet)
rElec   .          Harm     .   (no cloak)
rCorr   .          Rampage  .   (no gloves)
Will    .....                   (no boots)
Stlth   ++........              (no amulet)
HPRegen 0.09/turn               (no ring)
MPRegen 0.10/turn               (no ring)

@: slow
A: amphibious, slowness 1, strong legs 1, +LOS
a: Hop


You were on level 3 of the Dungeon.
You visited 1 branch of the dungeon, and saw 3 of its levels.

You collected 118 gold pieces.

Inventory:

Hand Weapons
 b - a +0 short sword
 g - a +0 short sword of draining
 h - a +2 hand axe of pain (weapon)
 k - a +2 vorpal hunting sling
Missiles
 c - 88 stones
Armour
 a - a +0 robe
 d - a +0 leather armour (worn)
 j - a +0 kite shield
Jewellery
 e - a ring of flight
Scrolls
 i - 3 scrolls of teleportation {unknown}
 l - a scroll of fog {unknown}
Potions
 f - a potion of curing {unknown}


   Skills:
 + Level 1.7 Fighting
 - Level 2.1 Dodging
 - Level 1.7 Stealth
 + Level 2.7 Spellcasting
 + Level 0.3 Necromancy
 * Level 5.7 Ice Magic


You had 6 spell levels left.
You knew the following spells:

 Your Spells              Type           Power      Damage    Failure   Level
a - Freeze                Ice            80%        1d9       2%          1

Your spell library contained the following spells:

 Spells                   Type           Power      Damage    Failure   Level
 Frozen Ramparts          Ice            40%        1d6       8%          3
 Ozocubu's Armour         Ice            20%        N/A       8%          3
 Hailstorm                Conj/Ice       11%        3d5       63%         4
 Fulminant Prism          Conj/Hex       1%         3d6       95%         4
 Iskenderun's Mystic Bla  Conj/Tloc      2%         2d3       95%         4
 Lee's Rapid Deconstruct  Erth           1%         3d5*      100%        5


Dungeon Overview and Level Annotations

Branches:
Dungeon (3/15)

Altars:
Makhleb

Annotations:
D:2 exclusions: kobold and ogre
D:3 Ijyb


Innate Abilities, Weirdness & Mutations

You are amphibious.
You cover ground slowly.
You can hop short distances.
You have an extended range of vision and can be seen from far away.


Message History

Aim: an adder (lightly wounded, slow)
You freeze the adder!
You kill the adder!
No target in view!
Magic restored.
HP restored.
l - a scroll labelled UJOBAPIULU
Found a spear.
Ijyb the Twisted Goblin comes into view.
She is wielding a +0 club and carrying a wand of mindburst (17).
Ijyb shouts!
A ball python comes into view.
Ijyb zaps a wand.
Your mind is blasted!
Ouch! That really hurt!
You are too injured to fight recklessly!
The ball python bites you. The ball python closely misses you.
Casting: Freeze (safe; 2% risk of failure)
Confirm with . or Enter, or press ? or * to list all spells.
Aiming: Freeze (safe; 2% risk of failure)
Press: ? - help, Shift-Dir - straight line, f - ball python
Aim: a ball python You freeze the ball python.
You kill the ball python!
Casting: Freeze (safe; 2% risk of failure)
Confirm with . or Enter, or press ? or * to list all spells.
Aiming: Freeze (safe; 2% risk of failure)
Press: ? - help, Shift-Dir - straight line, f - Ijyb
Aim: Ijyb, wielding a +0 club, wearing a +0 leather armour and carrying a wand of mindburst (16)
You freeze Ijyb.
Ijyb is lightly wounded.
Ijyb zaps a wand.
You barely resist.
Casting: Freeze (safe; 2% risk of failure)
Confirm with . or Enter, or press ? or * to list all spells.
Aiming: Freeze (safe; 2% risk of failure)
Press: ? - help, Shift-Dir - straight line, f/p - Ijyb
Aim: Ijyb, wielding a +0 club, wearing a +0 leather armour and carrying a wand of mindburst (15) (lightly wounded)
You freeze Ijyb.
Ijyb is moderately wounded.
Ijyb zaps a wand.
Your mind is blasted!
Ouch! That really hurt!
You die...

#. ###..#
##############
.......#.............
.......g@....).......
###....#.#.......#..
#.......#..####.#
#.#.#####.....#.# # #
#.......#...
#...........
#..#########
#..........
###.####.#######.


You could see Ijyb.

Vanquished Creatures
  An adder (D:3)
  8 bats
  4 endoplasms (D:1)
  2 giant cockroaches (D:1)
  A goblin (D:2)
  4 hobgoblins
  A jackal (D:2)
  2 quokkas
  4 ball pythons
  A frilled lizard (D:1)
  6 kobolds
  5 rats
39 creatures vanquished.

Notes
Turn   | Place    | Note
-------+----------+-------------------------------------------
     0 | D:1      | AarnesTheHuman the Barachi Ice Elementalist began the quest
                  | for the Orb.
     0 | D:1      | Reached XP level 1. HP: 13/13 MP: 3/3
    87 | D:1      | Reached skill level 5 in Ice Magic
   125 | D:1      | Found a faded altar of an unknown god.
   131 | D:1      | Reached XP level 2. HP: 20/20 MP: 3/5
   433 | D:1      | Reached skill level 1 in Fighting
   726 | D:1      | Reached XP level 3. HP: 20/26 MP: 3/6
  1357 | D:2      | Noticed an ogre
  1638 | D:2      | Found a burning altar of Makhleb.
  2470 | D:3      | Noticed Ijyb
  2477 | D:3      | Blown up by Ijyb

Illustrated notes

Levels and vault maps discovered:
D:1:      sevenhm_arrival_forest_fort_small_4, layout_rooms,
          shapermc_ecumenical_altar_starsandcircs, serial_forest,
          infiniplex_forest_lined_3, infiniplex_forest_lined_2,
          infiniplex_forest_clump_long, infiniplex_forest_clump_double,
          infiniplex_forest_diagonal, nrook_campfire,
          kennysheep_decorative_pillar, serial_bayou_pond_e
D:2:      layout_loops_corners, basic_altar, st_stairs_14, minmay_pentomino_z4
D:3:      layout_basic, serial_shops, shop, grunt_decor_resistance, uniq_ijyb

Skill      XL: |  1  2 |
---------------+-------+-----
Ice Magic      | 5 |  5.7
Fighting       | 1 |  1.7
Dodging        | |  2.1
Stealth        | |  1.7
Spellcasting   | |  2.7
Necromancy     | |  0.3

Action                   || total
-------------------------++-------
Melee: Short sword       ||    39
       Unarmed           ||     1
       Hand axe          ||    35
 Cast: Freeze            ||    33
 Stab: Sleeping          ||     2
Armor: Robe              ||     3
       Leather armour    ||    37
Dodge: Dodged            ||    77

Table legend: (Time is in decaauts)
 A = Elapsed time spent in this place.
 B = Non-inter-level travel time spent in this place.
 C = Inter-level travel time spent in this place.
 D = Time resting spent in this place.
 E = Time spent auto-exploring this place.
 F = Levels seen in this place.
 G = Mean time per level.
                   A        B        C        D        E       F      G
               +--------+--------+--------+--------+--------+-----+--------+
         Total |   2766 |   2687 |     79 |    168 |   2159 |   3 |  922.0 |
       Dungeon |   2766 |   2687 |     79 |    168 |   2159 |   3 |  922.0 |
               +--------+--------+--------+--------+--------+-----+--------+

Top non-repeatable levels by time:
     D:2: 1548 daAuts
     D:1: 1158 daAuts
     D:3: 59 daAuts
